 Dungeon Crawl Stone Soup version 0.27-a0-686-gaed091b46b (webtiles) character file.

Game seed: 18390032863969342806

1721 ReteAZ the Frost Mage (level 8, -1/52 HPs)
             Began as a Demonspawn Ice Elementalist on Mar 21, 2021.
             Was an Initiate of Ashenzari.
             Slain by a meliai zombie (6 damage)
             ... on level 6 of the Dungeon.
             The game lasted 00:15:06 (8928 turns).

ReteAZ the Frost Mage (Demonspawn Ice Elementalist) Turns: 8928, Time: 00:15:06

Health: -1/52      AC: 10    Str: 10    XL:     8   Next: 75%
Magic:  16/17      EV: 12    Int: 18    God:    Ashenzari [......]
Gold:   253        SH:  0    Dex: 13    Spells: 12/19 levels left

rFire    . . .     SeeInvis .   o - +0 hand axe (vamp)
rCold    + . .     Faith    .   (no shield)
rNeg     + . .     Spirit   .   t - +2 ring mail {rC+}
rPois    .         Reflect  .   (helmet restricted)
rElec    .         Harm     .   v - +1 cloak {Will+}
rCorr    .         Rampage  .   F - +0 pair of gloves
Will     +....                  (no boots)
Stlth    +.........             (no amulet)
HPRegen  0.17/turn              i - ring of positive energy
MPRegen  0.15/turn              (no ring)

@: no status effects
A: antennae 1, repulsion field 1, foul stench 2, powered by death 1
a: Renounce Religion, Curse Item


You were on level 6 of the Dungeon.
You worshipped Ashenzari.
Ashenzari was noncommittal.
You visited 2 branches of the dungeon, and saw 7 of its levels.
You also visited: Sewer.

You collected 253 gold pieces.

Inventory:

Hand Weapons
 d - a +0 short sword
 o - a +0 vampiric hand axe (weapon)
 B - a +0 vorpal spear
 I - a +2 short sword of protection
Missiles
 b - 42 poisoned darts
 k - 7 javelins
Armour
 a - a +0 robe
 n - a +0 ring mail
 t - a +2 ring mail of cold resistance (worn)
 v - a +1 cloak of willpower (worn)
 C - a +0 kite shield
 F - a +0 pair of gloves (worn)
Jewellery
 i - a ring of positive energy (right hand)
Wands
 j - a wand of digging (4)
Scrolls
 h - a scroll of fear
 m - a scroll of enchant armour
 r - a scroll of holy word
 u - 3 scrolls of magic mapping
 x - 5 scrolls of identify
 y - 5 scrolls of teleportation
 A - a scroll of vulnerability
 D - a scroll of enchant weapon
 H - a scroll of summoning
Potions
 e - a potion of ambrosia
 f - 3 potions of curing
 g - 2 potions of brilliance
 l - 3 potions of degeneration
 p - 3 potions of haste
 q - 2 potions of might
 w - a potion of magic
 z - a potion of resistance
 E - 3 potions of mutation
 G - a potion of invisibility
 J - a potion of berserk rage


   Skills:
 - Level 2.0 Dodging
 - Level 2.0 Stealth
 + Level 6.2 Spellcasting
 * Level 9.1 Ice Magic


You had 12 spell levels left.
You knew the following spells:

 Your Spells              Type           Power      Damage    Failure   Level
a - Freeze                Ice            100%       1d11      1%          1
b - Frozen Ramparts       Ice            76%        1d9       1%          3
c - Ozocubu's Armour      Ice            38%        N/A       1%          3

Your spell library contained the following spells:

 Spells                   Type           Power      Damage    Failure   Level
 Animate Skeleton         Necr           10%        N/A       30%         1
 Apportation              Tloc           10%        N/A       30%         1
 Corona                   Hex            5%         N/A       30%         1
 Pain                     Necr           20%        1d5       30%         1
 Summon Small Mammal      Summ           20%        N/A       30%         1
 Hailstorm                Conj/Ice       22%        3d7       43%         4
 Summon Ice Beast         Ice/Summ       22%        N/A       43%         4
 Vampiric Draining        Necr           2%         2d6       67%         3
 Animate Dead             Necr           2%         N/A       97%         4
 Agony                    Necr           5%         N/A       100%        5


Dungeon Overview and Level Annotations

Branches:
Dungeon (6/15)             Temple (1/1) D:5           Sewer (visited)

Altars:
Ashenzari
Cheibriados
Dithmenos
Fedhas
Gozag
Hepliaklqana
Kikubaaqudgha
Makhleb
Nemelex Xobeh
Okawaru
Qazlal
Ru
Sif Muna
Trog
Uskayaw
Vehumet
Wu Jian
Xom
Yredelemnul
Zin
The Shining One

Shops:
D:5 (![[


Innate Abilities, Weirdness & Mutations

You have a pair of small antennae on your head.
You are surrounded by a mild repulsion field. (EV +2)
You sometimes emit foul miasma when damaged in melee.
You regenerate a little health from kills.


Message History

The meliai zombie misses you.
The meliai zombie hits you but does no damage.
The meliai zombie hits you.
* * * LOW HITPOINT WARNING * * *
The meliai zombie misses you.
Really read the scroll of holy word?
Okay, then.
Unknown command.
Unknown command.
Unknown command.
Okay, then.
You feel better.
The meliai zombie hits you but does no damage. x2
The meliai zombie hits you!
* * * LOW HITPOINT WARNING * * *
The meliai zombie hits you.
* * * LOW HITPOINT WARNING * * *
You emit a cloud of foul miasma!
Blink to where?
Press: ? - help, Dir - move target, p - meliai zombie
As you read the scroll of blinking, it crumbles to dust.
Aiming: Iceblast
Press: ? - help, Shift-Dir - straight line The mass of ice explodes!
The iceblast engulfs the meliai zombie!
The meliai zombie partially resists.
The meliai zombie is heavily damaged.
Aiming: Iceblast
Press: ? - help, Shift-Dir - straight line, f - meliai zombie
Aim: a meliai zombie (heavily damaged)
The mass of ice explodes!
The iceblast engulfs the meliai zombie!
The meliai zombie partially resists.
The meliai zombie is severely damaged.
Aiming: Iceblast
Press: ? - help, Shift-Dir - straight line, f/p - meliai zombie
Aim: a meliai zombie (severely damaged)
The mass of ice explodes!
The iceblast engulfs the meliai zombie!
The meliai zombie partially resists.
The meliai zombie is almost destroyed.
The now-empty wand crumbles to dust.
The meliai zombie hits you.
You die...

... .............>.....# #...#
###.#.######.#.......#+#.## #.###
###.#.# #........#.......# #.#
.##s#.# #........+.......# #<#
....#.# #........#.......######
...... ..........#..........(..
.##..##########..#......######
..#.............Z###.###.....#
#.#..# #######@# #.# #.....#
#.)..###########.# #.###.....####
##...##..........# #.............
##...............#######.....###.
##..###.........###..........# #.
................# #....†....## #.
...............†# #.........# #.
###.##)########.# #.........# #.
...>##.##### #.# #.........# #.


You could see a meliai zombie.

Vanquished Creatures
  Eustachio (D:6)
  An orc warrior (D:6)
  A sky beast (D:6)
  An ice beast (D:6)
  2 ogres
  A bullfrog (D:4)
  A gnoll sergeant (D:5)
  3 scorpions
  A hound (D:4)
  Crazy Yiuf (D:3)
  4 orc priests
  3 iguanas
  Jessica (D:2)
  Ijyb (D:3)
  3 orc wizards
  2 worker ants
  Robin (D:1)
  12 gnolls
  10 adders
  A shadow imp (D:6)
  An ufetubus (D:5)
  3 oozes
  An adder skeleton (D:6)
  5 worms
  A dart slug (D:1)
  7 leopard geckos
  24 orcs
  7 bats
  3 giant cockroaches
  16 goblins
  7 hobgoblins
  19 jackals
  6 quokkas
  7 ball pythons
  8 frilled lizards
  10 kobolds
  9 rats
185 creatures vanquished.

Vanquished Creatures (others)
  23 plants (Sewer)
23 creatures vanquished.

Grand Total: 208 creatures vanquished

Notes
Turn   | Place    | Note
-------+----------+-------------------------------------------
     0 | D:1      | ReteAZ the Demonspawn Ice Elementalist began the quest for
                  | the Orb.
     0 | D:1      | Reached XP level 1. HP: 13/13 MP: 3/3
   334 | D:1      | Gained mutation: You have a pair of small antennae on your
                  | head. [demonic ancestry]
   334 | D:1      | Reached XP level 2. HP: 18/19 MP: 3/5
  1059 | D:2      | Reached skill level 4 in Ice Magic
  1252 | D:2      | Noticed Jessica
  1261 | D:2      | Killed Jessica
  1262 | D:2      | Gained mutation: You are surrounded by a mild repulsion
                  | field. (EV +2) [demonic ancestry]
  1262 | D:2      | Reached XP level 3. HP: 24/24 MP: 3/6
  1638 | D:2      | Gained mutation: You may rarely emit foul miasma when
                  | damaged in melee. [demonic ancestry]
  1638 | D:2      | Reached XP level 4. HP: 27/30 MP: 6/8
  1710 | D:2      | Learned a level 3 spell: Frozen Ramparts
  2322 | D:2      | Reached skill level 5 in Ice Magic
  2469 | D:2      | Noticed Robin
  2490 | D:2      | Gained mutation: You sometimes emit foul miasma when
                  | damaged in melee. [demonic ancestry]
  2490 | D:2      | Reached XP level 5. HP: 35/35 MP: 3/9
  2507 | D:1      | Killed Robin
  3446 | D:3      | Found a glowing drain.
  3459 | Sewer    | Entered a sewer
  4263 | Sewer    | Reached XP level 6. HP: 41/41 MP: 9/11
  4804 | D:3      | Noticed Ijyb
  4810 | D:3      | Killed Ijyb
  5097 | D:3      | Found a runed translucent door.
  5098 | D:3      | Noticed Crazy Yiuf
  5105 | D:3      | Killed Crazy Yiuf
  5368 | D:4      | Reached skill level 6 in Ice Magic
  5952 | D:4      | Reached XP level 7. HP: 46/46 MP: 7/13
  6246 | D:5      | Entered Level 5 of the Dungeon
  6431 | D:5      | Reached skill level 7 in Ice Magic
  6705 | D:5      | Found Xoruclanet's Antique Armour Shoppe.
  6715 | D:5      | Found a staircase to the Ecumenical Temple.
  6758 | Temple   | Entered the Ecumenical Temple
  6896 | Temple   | Became a worshipper of Ashenzari the Shackled
  6908 | D:5      | Found Mibor's Distillery.
  6917 | D:5      | Found Weseuli's Armour Emporium.
  7059 | D:5      | Reached skill level 5 in Spellcasting
  7323 | D:5      | Found a shimmering blue altar of Sif Muna.
  7459 | D:5      | Found Karoppam's Antique Weapon Shop.
  7571 | D:6      | Gained mutation: You regenerate a little health from kills.
                  | [demonic ancestry]
  7571 | D:6      | Reached XP level 8. HP: 28/52 MP: 11/15
  7965 | D:6      | Reached skill level 8 in Ice Magic
  7974 | D:6      | Learned a level 3 spell: Ozocubu's Armour
  8070 | D:6      | Noticed Eustachio
  8088 | D:6      | Killed Eustachio
  8463 | D:6      | Reached skill level 9 in Ice Magic
  8928 | D:6      | Slain by a meliai zombie

Illustrated notes

Levels and vault maps discovered:
D:1:      dpeg_arrival_refuge, layout_basic
D:2:      layout_basic, uniq_robin, uniq_jessica
D:3:      layout_loops_ring, portal_sewer_entry_d, uniq_ijyb,
          uniq_crazy_yiuf_cottage
D:4:      layout_loops_ring
D:5:      layout_loops_ring, lemuel_round_altar, minmay_temple_entry_offerings,
          serial_shops, nicolae_shop_competitors_out_of_business, shop,
          nicolae_shop_waterfront, shop, grunt_ministairs_1
D:6:      layout_basic, kennysheep_generic_room_14, uniq_eustachio
Temple:   grunt_wide_crystal_templ

Skill      XL: |  1  2  3  4  5  6  7  8 |
---------------+-------------------------+-----
Dodging        | 2 |  2.0
Stealth        | 2 |  2.0
Ice Magic      | 4 5 6 7 9 |  9.1
Spellcasting   | 3 4 5 6 |  6.2

Action                   |  1- 3 |  4- 6 |  7- 9 || total
-------------------------+-------+-------+-------++-------
Melee: Unarmed           |     2 |       |       ||     2
       Short sword       |     7 |    23 |       ||    30
       Hand axe          |       |    30 |    55 ||    85
Throw: Dart              |    16 |     6 |     2 ||    24
 Cast: Freeze            |    43 |   131 |    83 ||   257
       Frozen Ramparts   |       |     6 |    14 ||    20
       Ozocubu's Armour  |       |       |     1 ||     1
Evoke: Wand              |       |       |     4 ||     4
  Use: Scroll            |       |       |     1 ||     1
       Potion            |       |       |     1 ||     1
Armor: Robe              |     8 |     4 |       ||    12
       Ring mail         |       |    24 |    51 ||    75
Dodge: Dodged            |    32 |   100 |   101 ||   233

Table legend: (Time is in decaauts)
 A = Elapsed time spent in this place.
 B = Non-inter-level travel time spent in this place.
 C = Inter-level travel time spent in this place.
 D = Time resting spent in this place.
 E = Time spent auto-exploring this place.
 F = Levels seen in this place.
 G = Mean time per level.
                   A        B        C        D        E       F      G
               +--------+--------+--------+--------+--------+-----+--------+
         Total |   9115 |   8866 |    249 |    712 |   6748 |   8 | 1139.4 |
       Dungeon |   7749 |   7507 |    242 |    712 |   5618 |   6 | 1291.5 |
        Temple |    146 |    139 |      7 |      0 |    132 |   1 |  146.0 |
         Sewer |   1219 |   1219 |      0 |      0 |    998 |   1 | 1219.0 |
               +--------+--------+--------+--------+--------+-----+--------+

Top non-repeatable levels by time:
     D:2: 1758 daAuts
     D:3: 1364 daAuts
     D:5: 1283 daAuts
     D:6: 1269 daAuts
   Sewer: 1219 daAuts
     D:1: 1179 daAuts
     D:4: 893 daAuts
  Temple: 146 daAuts
